AoeStats
← Mahowla

Black Forest

508443702Analyzed
2v2 RM · 11d ago on Sep 22, 2026· 44m 23s· 4 players
Game mode
Random Map
Map size
Medium (4 player)
Population
200
Speed
Normal
Resources
Standard
Victory
Conquest
Starting age
Dark Age
Ending age
Imperial Age
RankedLock teamsTeams togetherTeam positionsShared explorationLock speedFull tech treeHidden civsTurbo modeCheats
Victory
Defeat
🇩🇪 Celts · Germany
1202
+15
🇳🇱 Franks · Netherlands
1189
+16
🇩🇪 Lithuanians · Germany
1223
-17
🇷🇴 Bohemians · Romania
1149
-14
Mahowla
1:04 Loom
16:13 Feudal Age
16:58 Double-Bit Axe
21:25 Castle Age
19:45 Gold Mining
25:02 Forging
25:20 Husbandry
28:38 Scale Barding Armor
37:46 Imperial Age
37:10 Gold Shaft Mining
37:18 Caravan
38:01 Cavalier
39:24 Bow Saw
41:02 Chemistry
39:32 Paladin
41:22 Conscription
44:22 Iron Casting
44:09 Chain Barding Armor
43:50 Padded Archer Armor
44:29 Wheelbarrow
uli2099
1:58 Loom
10:35 Feudal Age
12:45 Wheelbarrow
16:50 Castle Age
15:01 Double-Bit Axe
15:26 Horse Collar
18:24 Bow Saw
23:23 Gold Mining
25:53 Stone Mining
26:42 Gold Shaft Mining
26:45 Hand Cart
28:41 Stone Shaft Mining
33:12 Imperial Age
30:35 Pikeman
32:06 Forging
32:25 Scale Mail Armor
33:18 Masonry
34:01 Iron Casting
33:17 Capped Ram
34:23 Conscription
34:13 Halberdier
37:31 Chain Mail Armor
37:41 Onager
39:13 Siege Ram
41:26 Elite Woad Raider
43:50 Blast Furnace
44:55 Furor Celtica
w.tataieee
0:29 Loom
13:28 Feudal Age
18:10 Castle Age
18:26 Double-Bit Axe
25:55 Wheelbarrow
27:05 Fervor
28:34 Hand Cart
30:23 Forging
30:14 Scale Mail Armor
29:37 Pikeman
31:00 Squires
38:04 Imperial Age
38:20 Chemistry
37:41 Ballistics
panzervogel
0:36 Loom
13:08 Feudal Age
13:53 Horse Collar
18:32 Castle Age
17:34 Double-Bit Axe
19:13 Heavy Plow
19:33 Bow Saw
23:40 Gold Mining
24:35 Stone Mining
26:19 Wheelbarrow
26:03 Caravan
28:34 Forging
28:30 Scale Barding Armor
29:59 Hand Cart
32:59 Imperial Age
30:24 Pikeman
31:06 Squires
31:17 Scale Mail Armor
31:53 Iron Casting
32:16 Chain Mail Armor
32:41 Ballistics
36:11 Crop Rotation
39:08 Chain Barding Armor
40:18 Chemistry
39:47 Conscription
39:32 Tower Shields
40:28 Husbandry
40:38 Bloodlines
41:19 Plate Barding Armor
40:44 Padded Archer Armor
42:22 Cavalier
43:57 Leather Archer Armor
43:33 Elite Leitis
Connection lost

Rejoining the realm…

Still unreachable

The connection could not be restored.

Session expired

The server has moved on; the page needs a fresh start.